 Dungeon Crawl Stone Soup version 0.19.0-9-gfd783f2 (webtiles) character file.

15 mistymad the Ruffian (level 2, -3/25 HPs)
             Began as a Naga Transmuter on Nov 7, 2016.
             Slain by a kobold
             ... wielding a +0 club
              (4 damage)
             ... on level 1 of the Dungeon.
             The game lasted 00:01:12 (279 turns).

mistymad the Ruffian (Naga Transmuter)               Turns: 279, Time: 00:01:13

Health: -3/25      AC:  1    Str: 12    XL:     2   Next: 50%
Magic:  4/5        EV: 10    Int: 13    God:
Gold:   9          SH:  0    Dex: 11    Spells: 1 memorised, 4 levels left

rFire  . . .     SeeInvis +       - Unarmed
rCold  . . .     Gourm    .     b - +0 robe
rNeg   . . .     Faith    .     (no shield)
rPois  +         Spirit   .     (no helmet)
rElec  .         Reflect  .     (no cloak)
rCorr  .         Harm     .     (no gloves)
MR     .....                    (no barding)
Stlth  +.........               (no amulet)
                                (no ring)
                                (no ring)

@: short of breath, appendage, very slow
A: horns 2, see invisible, deformed body, poison resistance, slowness 2, slow
metabolism 1, spit poison 1, AC +0
a: Spit Poison, End Transformation


You were on level 1 of the Dungeon.
You were not hungry.
You had grown temporary horns.
You visited 1 branch of the dungeon, and saw 1 of its levels.

You collected 9 gold pieces.

Inventory:

Missiles
 a - 12 arrows
Armour
 b - a +0 robe (worn)
Jewellery
 h - a +3 ring of strength {unknown}
Scrolls
 e - a scroll of noise {unknown}
 j - a scroll of teleportation {unknown}
Books
 c - a book of Changes

   Spells                             Type                      Level
   a - Beastly Appendage              Transmutation                1
   b - Sticks to Snakes               Transmutation                2
   c - Spider Form                    Transmutation/Poison         3
   d - Ice Form                       Ice/Transmutation            4
   e - Blade Hands                    Transmutation                5
Comestibles
 d - a bread ration
 f - a slice of pizza
 g - a meat ration
 i - 3 chunks of flesh


   Skills:
 + Level 1.1 Fighting
 + Level 1.7 Dodging
 + Level 3.3 Unarmed Combat
 + Level 2.2 Spellcasting
 + Level 2.2 Transmutations


You had 4 spell levels left.
You knew the following spells:

 Your Spells              Type           Power        Failure   Level  Hunger
a - Beastly Appendage     Tmut           #.....       12%         1    ##.....


Dungeon Overview and Level Annotations

Branches:
Dungeon (1/15)

Altars:


Innate Abilities, Weirdness & Mutations

You cannot wear boots.
Your serpentine skin is tough. (AC +0)
You have supernaturally acute eyesight. (SInv)
Armour fits poorly on your strangely shaped body.
Your system is resistant to poisons. (rPois)
You cover ground very slowly.
You have a slow metabolism.
You can spit poison.
You have a pair of horns on your head.


Message History

You grow a pair of large bovine horns.
The kobold hits you with a club.
* * * LOW HITPOINT WARNING * * *
You take 1 damage, and have 6/25 hp.
You now have 4/5 mp.
You closely miss the kobold.
Unknown command.
You hit the kobold but do no damage. The kobold barely misses you.
You closely miss the kobold. You headbutt the kobold.
The kobold is severely wounded.
You have got your breath back.
The kobold hits you with a club.
* * * LOW HITPOINT WARNING * * *
You take 5 damage, and have 1/25 hp.
Press: ? - help, Shift-Dir - straight line, f/p - kobold
Aim: a kobold, wielding a club (severely wounded)
The splash of poison misses the kobold.
The splash of poison hits the goblin.
The goblin is poisoned.
You kill the goblin!
You feel slightly more hungry. The kobold hits you but does no damage.
The kobold hits you with a club.
You die...

#.#....# ####.#
#...##.###....###.##.
# ........#.##.).h..h.
.##...........#.######
...........#.#...
#..##.#.###)#####
#..##.#.# #.# #.
#.......# #K# # #.
#.......# #@#
###.##..#.#..##..#
.............##.##
###.....#.#..##.
##.#.##....##.
##........##.
#.##........ ##.#
........ # ##.##
......


You could see a kobold.

Vanquished Creatures
  A dart slug (D:1)
  3 goblins (D:1)
  A hobgoblin (D:1)
  2 jackals (D:1)
  A kobold (D:1)
  A bat (D:1)
  A frilled lizard (D:1)
  2 rats (D:1)
12 creatures vanquished.

Notes
Turn   | Place    | Note
-------+----------+-------------------------------------------
     0 | D:1      | mistymad the Naga Transmuter began the quest for the Orb.
     0 | D:1      | Reached XP level 1. HP: 18/18 MP: 3/3
   244 | D:1      | Reached XP level 2. HP: 23/25 MP: 5/5
   277 | D:1      | HP: 1/25 [kobold/club (5)]
   279 | D:1      | Slain by a kobold

Action                   || total
-------------------------++-------
Melee: Unarmed           ||    24
       Headbutt          ||     3
 Cast: Beastly Appendage ||     3
 Abil: Spit Poison       ||    11
Armor: Robe              ||     1
Dodge: Dodged            ||    16
